 Dungeon Crawl Stone Soup version 0.31-a0-267-g3fc6992b3b (webtiles) character file.

Game seed: 16467455128879729208

217 qw the Shooter (level 5, -1/32 HPs)
             Began as a Gargoyle Hexslinger on July 14, 2023.
             Slain by a gnoll
             ... wielding a +0 club
              (7 damage)
             ... on level 4 of the Dungeon.
             The game lasted 00:01:15 (1926 turns).

qw the Shooter (Gargoyle Hexslinger)                Turns: 1926, Time: 00:01:15

Health: -1/32      AC: 14    Str: 12    XL:     5   Next: 94%
Magic:  6/6        EV: 10    Int: 13    God:
Gold:   1361       SH:  5    Dex: 14    Spells: 5/6 levels left

rFire   . . .        Y - +1 sling
rCold   . . .        (no shield)
rNeg    + . .        j - +0 ring mail
rPois   inf          d - +0 helmet
rElec   +            (no cloak)
rCorr   .            (no gloves)
SInv    .            (no boots)
Will    .....        b - amulet of reflection
Stlth   +            k - +4 ring of protection
HPRegen 0.25/turn    (no ring)
MPRegen 0.10/turn

%: reflection
@: no status effects
A: sickness immunity, AC +4, negative energy resistance 1, electricity
resistance, torment resistance 1, petrification resistance
a: no special abilities


You were on level 4 of the Dungeon.
You visited 1 branch of the dungeon, and saw 4 of its levels.

You collected 1395 gold pieces.
You spent 34 gold pieces at shops.


Innate Abilities, Weirdness & Mutations

You are immune to sickness and miasma.
Your stone body is resilient. (AC +4)
You are immune to poison.
You resist negative energy. (rN+)
You are resistant to electric shocks. (rElec)
You are resistant to unholy torment.
You are immune to petrification.


   Skills:
 + Level 2.9 Fighting
 - Level 5.0 Ranged Weapons
 - Level 1.5 Armour
 - Level 1.5 Dodging
 - Level 1.0 Spellcasting
 - Level 2.6 Hexes


You had 5 spell levels left.
You knew the following spells:

 Your Spells              Type           Power      Damage    Failure   Level
a - Slow                  Hex            28%        N/A       21%         1

Your spell library contained the following spells:

 Spells                   Type           Power      Damage    Failure   Level
 Inner Flame              Hex/Fire       4%         N/A       71%         3
 Portal Projectile        Hex/Tloc       8%         N/A       71%         3
 Cause Fear               Hex            3%         N/A       90%         4

Inventory:

Hand Weapons
 Y - a +1 sling (weapon)
Armour
 d - a +0 helmet (worn)
 j - a +0 ring mail (worn)
Jewellery
 b - an amulet of reflection (around neck)
 k - a +4 ring of protection (left hand)
Scrolls
 a - 2 scrolls of identify
 g - a scroll of teleportation
Potions
 e - 2 potions of might
 h - a potion of haste
 i - a potion of enlightenment

Dungeon Overview and Level Annotations

Branches:
Dungeon (4/15)
 Temple: D:4-7

Altars:
Hepliaklqana
Yredelemnul

Shops:
D:2 [


Message History

You block the gnoll's attack. The gnoll hits you but does no damage.
The ball python closely misses you. The ball python constricts you.
You shoot a sling bullet. The sling bullet hits the ball python.
You kill the ball python!
The gnoll hits you with a +0 flail. The gnoll barely misses you.
You shoot a sling bullet.
The sling bullet hits the gnoll but does no damage.
You feel a little less mighty now. The gnoll barely misses you.
The gnoll closely misses you. The gnoll hits you but does no damage.
The gnoll completely misses you. The gnoll hits you with a +0 flail.
You block the gnoll's attack.
You shoot a sling bullet.
The sling bullet barely misses the gnoll.
The gnoll barely misses you. x2; The gnoll hits you with a +0 flail.
You shoot a sling bullet. The sling bullet hits the gnoll!
The gnoll is severely wounded.
The gnoll barely misses you. The gnoll misses you. The gnoll barely misses you.
You shoot a sling bullet. The sling bullet hits the gnoll.
The gnoll is almost dead.
The gnoll closely misses you. The gnoll hits you with a +0 flail.
The gnoll closely misses you. The gnoll barely misses you. x3
You shoot a sling bullet. The sling bullet hits the gnoll.
You kill the gnoll!
The gnoll hits you with a +0 club. You block the gnoll's attack.
You shoot a sling bullet. The sling bullet hits the gnoll.
The gnoll is lightly wounded.
The gnoll hits you but does no damage. The gnoll hits you with a +0 flail.
You shoot a sling bullet. The sling bullet hits the gnoll.
The gnoll is moderately wounded.
You float gracefully downwards.
Your enlightenment fades.
The gnoll misses you. You block the gnoll's attack.
The gnoll hits you with a +0 flail. The gnoll hits you but does no damage.
You shoot a sling bullet. The sling bullet hits the gnoll.
The gnoll is heavily wounded.
The gnoll hits you but does no damage. You block the gnoll's attack.
You shoot a sling bullet. The sling bullet hits the gnoll.
The gnoll is almost dead.
The gnoll hits you with a +0 flail! The gnoll hits you with a +0 club!
You die...

### .. .###### .#
.......###)##.###
.........@g......
.###...<##g......
#.#..# .##.### ..
#... .. # ..#
#.[##.#. . ...#
.#.. .#... .. .#
.#.#. .. .. . ..
.


You could see 2 gnolls.

Vanquished Creatures
  Terence (D:2)
  2 orc wizards (D:3)
  2 gnolls (D:4)
  3 adders
  2 worms
  3 dart slugs
  4 orcs (D:3)
  8 ball pythons
  6 bats
  10 endoplasms
  5 giant cockroaches
  5 goblins
  5 hobgoblins
  4 jackals (D:2)
  3 quokkas
  5 frilled lizards
  3 kobolds
  6 rats
77 creatures vanquished.

Notes
Turn   | Place    | Note
-------+----------+-------------------------------------------
     0 | D:1      | qw the Gargoyle Hexslinger began the quest for the Orb.
     0 | D:1      | Reached XP level 1. HP: 12/12 MP: 2/2
     0 | D:1      | 0 ||| qw: Version: 0.3-a-52-g30416fa
     0 | D:1      | 0 ||| qw: Game counter: 7818
     0 | D:1      | 0 ||| qw: Melee chars always use a shield: true
     0 | D:1      | 0 ||| qw: God list: Okawaru
     0 | D:1      | 0 ||| qw: Allow faded altars: false
     0 | D:1      | 0 ||| qw: Do Orc after clearing Dungeon:15 true
     0 | D:1      | 0 ||| qw: Do second Lair branch before Depths: true
     0 | D:1      | 0 ||| qw: Lair rune preference: random
     0 | D:1      | 0 ||| qw: Goals: Normal
     0 | D:1      | 0 ||| PLANNING D:1-11
     7 | D:1      | Noticed a salamander
     7 | D:1      | Noticed a snapping turtle
     8 | D:1      | Noticed a wyvern
     8 | D:1      | Noticed a polar bear
    42 | D:1      | You fall into a shaft and drop 1 floor!
    43 | D:2      | 43 ||| UPGRADING to +0 helmet.
    48 | D:2      | 48 ||| DROPPING scroll of poison.
    51 | D:2      | 51 ||| FLEEEEING.
    53 | D:2      | 53 ||| STAIRDANCE
    76 | D:1      | Reached XP level 2. HP: 16/16 MP: 3/3
   136 | D:1      | Reached skill level 3 in Ranged Weapons
   305 | D:1      | Reached XP level 3. HP: 21/21 MP: 4/4
   445 | D:1      | 445 ||| UPGRADING to amulet of reflection.
   450 | D:1      | 450 ||| READING 3 scrolls labelled JID ZEMPOQON.
   451 | D:1      | 451 ||| READING scroll labelled GOTZICWU HULI.
   454 | D:1      | 454 ||| READING scroll labelled SEP XATYVUORI.
   455 | D:1      | 455 ||| READING 2 scrolls of identify.
   455 | D:1      | 455 ||| IDENTIFYING inky potion
   456 | D:1      | 456 ||| DROPPING potion of attraction.
   477 | D:2      | 477 ||| STAIRDANCE
   659 | D:2      | Found Wotas's Antique Armour Shop.
   672 | D:2      | 672 ||| SHOPLISTING embroidered robe (62 gold, have 52).
   672 | D:2      | 672 ||| SHOPLISTING glowing ring mail (119 gold, have 52).
   672 | D:2      | 672 ||| BUYING leather armour (34 gold).
   672 | D:2      | Bought a leather armour for 34 gold pieces
   672 | D:2      | 672 ||| SHOPLISTING ring mail (68 gold, have 18).
   672 | D:2      | 672 ||| SHOPLISTING slimy leather armour (119 gold, have
                  | 18).
   729 | D:2      | Reached XP level 4. HP: 26/26 MP: 5/5
   888 | D:2      | Reached skill level 4 in Ranged Weapons
  1001 | D:2      | 1001 ||| UPGRADING to +0 leather armour.
  1011 | D:2      | 1011 ||| DROPPING +0 robe.
  1012 | D:2      | 1012 ||| UPGRADING to +0 ring mail.
  1022 | D:2      | 1022 ||| DROPPING +0 leather armour.
  1023 | D:2      | 1023 ||| UPGRADING to +4 ring of protection.
  1024 | D:2      | 1024 ||| READING scroll labelled TIOKAU MIKERY.
  1025 | D:2      | 1025 ||| READING scroll labelled AFEFAS KEXU.
  1052 | D:3      | Noticed Terence
  1056 | D:3      | 1056 ||| STAIRDANCE
  1069 | D:2      | Killed Terence
  1070 | D:2      | Reached skill level 1 in Armour
  1207 | D:3      | Found a hazy altar of Hepliaklqana.
  1384 | D:3      | Reached XP level 5. HP: 30/30 MP: 6/6
  1439 | D:3      | Found a faded altar of an unknown god.
  1495 | D:3      | 1495 ||| FLEEEEING.
  1496 | D:3      | 1496 ||| FLEEEEING.
  1497 | D:3      | 1497 ||| FLEEEEING.
  1498 | D:3      | 1498 ||| FLEEEEING.
  1499 | D:3      | 1499 ||| FLEEEEING.
  1500 | D:3      | 1500 ||| FLEEEEING.
  1501 | D:3      | 1501 ||| FLEEEEING.
  1535 | D:3      | Reached skill level 5 in Ranged Weapons
  1593 | D:3      | Found a basalt altar of Yredelemnul.
  1882 | D:3      | 1882 ||| READING scroll labelled MYEMNI NYFEGG.
  1882 | D:3      | Identified a scroll of acquirement
  1882 | D:3      | 1882 ||| ACQUIRING 1256 gold pieces
  1882 | D:3      | Acquired 1256 gold pieces
  1884 | D:3      | 1884 ||| DRINKING 3 fuming white potions.
  1885 | D:3      | 1885 ||| DRINKING 2 emerald potions.
  1886 | D:3      | 1886 ||| READING 4 scrolls of identify.
  1886 | D:3      | 1886 ||| IDENTIFYING fizzy yellow potion
  1887 | D:3      | 1887 ||| READING 3 scrolls of identify.
  1887 | D:3      | 1887 ||| IDENTIFYING fuming golden potion
  1888 | D:3      | 1888 ||| DROPPING potion of degeneration.
  1926 | D:4      | HP: 6/32 [gnoll/+0 flail (8)]
  1926 | D:4      | Slain by a gnoll

Levels and vault maps discovered:
D:1:      onia_arrival_zoo_common, layout_rooms, serial_bayou_pond_d
D:2:      layout_rooms, serial_shops, shop_fountains, dk_noncrumbling_4
D:3:      layout_loops_ring, nicolae_overflow_crystal_walls,
          mainiacjoe_overflow_alcove_4, chequers_ecumenical_altar_simple,
          uniq_terence
D:4:      cheibrodos_greedy_goblins, layout_basic, mainiacjoe_overflow_brackets

Skill      XL: |  1  2  3  4  5 |
---------------+----------------+-----
Ranged Weapons | 3 4 5 |  5.0
Fighting       | 2 |  2.9
Armour         | 1 |  1.5
Dodging        | |  1.5
Spellcasting   | |  1.0
Hexes          | |  2.6

Action                     |  1- 3 |  4- 6 || total
---------------------------+-------+-------++-------
   Fire: Sling             |   117 |   193 ||   310
    Use: Scroll            |     4 |     5 ||     9
         Potion            |       |     2 ||     2
 Armour: Robe              |    22 |     7 ||    29
         Ring mail         |       |    59 ||    59
  Dodge: Dodged            |    43 |    67 ||   110
  Block: Other             |     8 |    39 ||    47

Table legend:
 A = Non-vault XP
 B = Vault XP
 C = Vault XP percentage of total XP
 D = Non-vault monster count
 E = Vault monster count
 F = Vault count percentage of total count
                 A         B        C        D         E       F
            +---------+---------+-------+---------+---------+-------
      Total |     275 |      36 |  11.6 |      76 |       1 |   1.3
            +---------+---------+-------+---------+---------+-------
        D:1 |      43 |       0 |   0.0 |      21 |       0 |   0.0
        D:2 |      61 |      36 |  37.1 |      25 |       1 |   3.8
        D:3 |     142 |       0 |   0.0 |      27 |       0 |   0.0
        D:4 |      29 |       0 |   0.0 |       3 |       0 |   0.0
            +---------+---------+-------+---------+---------+-------
